AoeStats
← Scarecrow

Arabia

510097556Analyzed
2v2 RM · 4d ago on Sep 29, 2026· 39m 53s· 4 players
Game mode
Random Map
Map size
Medium (4 player)
Population
200
Speed
Normal
Resources
Standard
Victory
Conquest
Starting age
Dark Age
Ending age
Imperial Age
RankedLock teamsTeams togetherTeam positionsShared explorationLock speedFull tech treeHidden civsTurbo modeCheats
Victory
Defeat
🇦🇺 Mongols · Australia
1014
+15
🇰🇷 Franks · South Korea
1002
+42
🇦🇷 Goths · Argentina
996
-39
🇺🇸 Georgians · United States
990
-15
connlind
2:21 Loom
10:27 Feudal Age
15:30 Castle Age
22:00 Horse Collar
22:58 Double-Bit Axe
23:27 Pikeman
25:12 Scale Mail Armor
27:55 Forging
32:25 Chain Mail Armor
35:45 Imperial Age
35:20 Wheelbarrow
34:31 Town Watch
34:45 Fletching
35:55 Iron Casting
35:42 Town Patrol
37:24 Husbandry
38:41 Bloodlines
ilidan7376
2:45 Loom
11:41 Feudal Age
19:38 Wheelbarrow
20:28 Forging
23:57 Castle Age
22:37 Scale Mail Armor
25:05 Squires
24:25 Pikeman
28:46 Squires
Scarecrow
9:54 Feudal Age
9:21 Loom
10:41 Double-Bit Axe
17:39 Gold Mining
20:47 Castle Age
19:15 Scale Barding Armor
20:06 Wheelbarrow
19:17 Town Watch
20:53 Forging
22:07 Stone Mining
24:06 Husbandry
27:19 Hand Cart
30:07 Bow Saw
30:35 Gold Shaft Mining
31:15 Elite Skirmisher
35:57 Imperial Age
36:11 Chain Barding Armor
35:45 Fletching
35:56 Padded Archer Armor
36:10 Cranequins
37:39 Town Patrol
38:20 Heavy Mounted Crossbowman
Raznaz
10:06 Feudal Age
8:22 Loom
11:05 Horse Collar
11:11 Double-Bit Axe
20:28 Castle Age
19:14 Forging
19:11 Scale Barding Armor
19:34 Gold Mining
20:03 Bloodlines
21:21 Bow Saw
21:34 Heavy Plow
23:58 Iron Casting
26:56 Wheelbarrow
27:03 Town Watch
27:49 Chain Barding Armor
28:28 Hand Cart
33:52 Imperial Age
31:43 Husbandry
34:25 Gold Shaft Mining
33:40 Stone Mining
34:03 Elite Steppe Lancer
35:57 Blast Furnace
36:13 Stone Shaft Mining
37:55 Thumb Ring
37:11 Heavy Cavalry Archer
37:43 Fletching
37:54 Padded Archer Armor
Connection lost

Rejoining the realm…

Still unreachable

The connection could not be restored.

Session expired

The server has moved on; the page needs a fresh start.